 Dungeon Crawl Stone Soup version 0.27.1-34-g3ba077fa99 (webtiles) character file.

Game seed: 5085181907208389113

136 mightbedylan the Vexing (level 5, -1/30 HPs)
             Began as a Kobold Arcane Marksman on Jan 25, 2022.
             Was an Elder of Zin.
             Slain by a gnoll (8 damage)
             ... on level 4 of the Dungeon.
             The game lasted 00:15:45 (3446 turns).

mightbedylan the Vexing (Kobold Arcane Marksman)    Turns: 3446, Time: 00:15:46

Health: -1/30      AC:  2    Str:  8    XL:     5   Next: 43%
Magic:  7/7        EV: 15    Int: 14    God:    Zin [****..]
Gold:   106        SH:  0    Dex: 16    Spells: 6/7 levels left

rFire    . . .     SeeInvis .   a - +1 hand crossbow
rCold    . . .     Faith    .   (shield restricted)
rNeg     . . .     Spirit   .   d - +0 robe
rPois    .         Reflect  .   (no helmet)
rElec    .         Harm     .   (no cloak)
rCorr    .         Rampage  .   (no gloves)
Will     .....                  (no boots)
Stlth    ++........             (no amulet)
HPRegen  0.10/turn              (no ring)
MPRegen  0.10/turn              (no ring)

@: on recite cooldown
A: small, no large weapons, nightstalker 3
a: Renounce Religion, Recite, Vitalisation, Imprison, Donate Gold


You were on level 4 of the Dungeon.
You worshipped Zin.
Zin was greatly pleased with you.
You visited 1 branch of the dungeon, and saw 4 of its levels.

You collected 250 gold pieces.
You donated 144 gold pieces to Zin.

Inventory:

Hand Weapons
 a - a +1 hand crossbow (weapon)
 j - a +2 dagger of venom
Missiles
 c - 22 bolts (quivered ammo)
Armour
 d - a +0 robe (worn)
Magical Staves
 g - a staff of poison
Wands
 f - a wand of paralysis (10)
Scrolls
 b - a scroll of teleportation
 e - a scroll of amnesia {unknown}
 h - a scroll of identify {unknown}
 k - a scroll of blinking
Potions
 i - a potion of curing {unknown}


   Skills:
 + Level 1.9 Fighting
 + Level 1.4 Short Blades
 + Level 3.5 Crossbows
 * Level 3.6 Dodging
 - Level 0.2 Stealth
 + Level 1.6 Spellcasting
 + Level 3.7 Hexes
 + Level 1.1 Invocations


You had 6 spell levels left.
You knew the following spells:

 Your Spells              Type           Power      Damage    Failure   Level
a - Corona                Hex            12%        N/A       5%          1

Your spell library contained the following spells:

 Spells                   Type           Power      Damage    Failure   Level
 Slow                     Hex            11%        N/A       8%          2
 Inner Flame              Hex/Fire       6%         N/A       34%         3
 Portal Projectile        Hex/Tloc       12%        N/A       34%         3
 Cause Fear               Hex            5%         N/A       45%         4


Dungeon Overview and Level Annotations

Branches:
Dungeon (4/15)
 Temple: D:4-7

Altars:
Ashenzari
Cheibriados
Gozag
Hepliaklqana
Sif Muna
Uskayaw
Xom
Yredelemnul
Zin


Innate Abilities, Weirdness & Mutations

You are small and have problems with some larger weapons.
You are completely attuned to the shadows.


Message History

You shoot a bolt. The bolt hits the gnoll.
The gnoll shouts!
The gnoll is moderately wounded.
You hear a shout!
A gnoll comes into view. It is wielding a +0 whip.
A gnoll comes into view. It is wielding a +0 spear.
The gnoll barely misses you.
The gnoll shouts!
You clear your throat and prepare to recite. "In a great set of silver scales are weighed the..."
The gnoll is confused by your recitation.
The gnoll is dazed by your recitation.
The gnoll is lost in a daze.
Press: ? - help, Dir - move target, f/p - gnoll
Aim: a gnoll, wielding a +0 spear (moderately wounded, confused)
You fail to use your ability. "...souls of the hordes of the Abyss, and with their anarchic..."
The gnoll hits the gnoll with a +0 spear. "...ways, the balance hath tipped against them!"
The gnoll is dazed by your recitation.
You finish reciting Apostates 11:79.
You shoot a bolt. The bolt hits the gnoll!
You kill the gnoll!
The gnoll hits you from afar with a +0 spear.
The gnoll hits you from afar with a +0 spear!
You shoot a bolt. The bolt hits the gnoll.
The gnoll is heavily wounded.
The gnoll barely misses you.
You shoot a bolt. The bolt barely misses the gnoll.
The gnoll misses you.
The gnoll is lost in a daze.
You shoot a bolt. The bolt hits the gnoll.
The gnoll is moderately wounded.
The gnoll hits you from afar with a +0 spear.
The gnoll is lost in a daze.
The gnoll closely misses you. The gnoll hits you with a +0 whip!
* * * LOW HITPOINT WARNING * * *
Press: ? - help, Dir - move target, f/p - gnoll
Aim: a gnoll, wielding a +0 whip (moderately wounded, dazed)
You fail to use your ability.
The gnoll hits you from afar with a +0 spear!
You die...

#.....##...##
#......#...##
#....# #....#
#....# #....#
#....# ##..##
#@g#
......)...
......g.(.
##########


You could see 2 gnolls.

Vanquished Creatures
  Jessica (D:2)
  Terence (D:2)
  2 adders
  2 gnolls (D:4)
  2 ball pythons (D:1)
  4 bats
  6 endoplasms
  3 giant cockroaches
  9 goblins
  3 hobgoblins (D:1)
  2 quokkas (D:1)
  2 frilled lizards (D:1)
  6 kobolds
  3 rats (D:1)
46 creatures vanquished.

Notes
Turn   | Place    | Note
-------+----------+-------------------------------------------
     0 | D:1      | mightbedylan the Kobold Arcane Marksman began the quest for
                  | the Orb.
     0 | D:1      | Reached XP level 1. HP: 12/12 MP: 2/2
   202 | D:1      | Found a faded altar of an unknown god.
   221 | D:1      | Became a worshipper of Zin the Law-Giver
   221 | D:1      | Reached * piety under Zin
   328 | D:1      | Reached XP level 2. HP: 4/16 MP: 3/3
   604 | D:1      | Reached ** piety under Zin
   707 | D:1      | Donated 25 gold pieces to Zin
   931 | D:1      | Reached XP level 3. HP: 18/20 MP: 4/4
  1226 | D:2      | Noticed Jessica
  1229 | D:2      | Killed Jessica
  1230 | D:2      | Reached XP level 4. HP: 25/25 MP: 5/5
  1252 | D:2      | Reached *** piety under Zin
  1292 | D:2      | Noticed Terence
  1297 | D:2      | Killed Terence
  1298 | D:2      | Reached skill level 1 in Short Blades
  2040 | D:3      | Found a hide-covered altar of Uskayaw.
  2250 | D:3      | Reached XP level 5. HP: 28/30 MP: 7/7
  2327 | D:3      | Found a broken altar of Ashenzari.
  2509 | D:3      | Found a shimmering blue altar of Sif Muna.
  2647 | D:3      | Found an opulent altar of Gozag.
  2840 | D:3      | Found a basalt altar of Yredelemnul.
  2885 | D:3      | Found a snail-covered altar of Cheibriados.
  2887 | D:3      | Reached **** piety under Zin
  3066 | D:3      | Found a hazy altar of Hepliaklqana.
  3130 | D:3      | Found a shimmering altar of Xom.
  3353 | D:1      | Donated 94 gold pieces to Zin
  3422 | D:4      | Reached skill level 1 in Invocations
  3446 | D:4      | Slain by a gnoll

Illustrated notes

Levels and vault maps discovered:
D:1:      elethiomel_arrival_infinity_welcomes_careful_drivers,
          layout_loops_ring, hellmonk_ecumenical_altar_run_dry
D:2:      layout_basic, columned_hall_lemuel, grunt_ministairs_15,
          corexii_leaking_fountain, uniq_jessica, uniq_terence
D:3:      layout_loops_corners, mainiacjoe_overflow_alcove_4,
          mainiacjoe_overflow_boulevard, mainiacjoe_overflow_small_starburst,
          marbit_many_paths, lemuel_round_altar,
          worldfamousw_hep_ancestral_shrine, mainiacjoe_overflow_tiny_flanked,
          lemuel_blue_sif_altar
D:4:      layout_gridville

Skill      XL: |  1  2  3  4  5 |
---------------+----------------+-----
Crossbows      | 3 |  3.5
Dodging        | 3 |  3.6
Short Blades   | 1 |  1.4
Invocations    | 1 |  1.1
Fighting       | |  1.9
Stealth        | |  0.2
Spellcasting   | |  1.6
Hexes          | |  3.7

Action                   |  1- 3 |  4- 6 || total
-------------------------+-------+-------++-------
Melee: Dagger            |       |     7 ||     7
 Fire: Hand crossbow     |    50 |    45 ||    95
Invok: Donate Gold       |     1 |     1 ||     2
       Vitalisation      |       |     1 ||     1
       Recite            |       |     1 ||     1
  Use: Scroll            |       |     5 ||     5
       Potion            |       |     4 ||     4
Armor: Robe              |     1 |     1 ||     2
Dodge: Dodged            |    17 |    13 ||    30
